 Dungeon Crawl Stone Soup version 0.31-a0-978-g1e143483b6 (webtiles) character file.

Game seed: 3185191882972820102

95 horus123 the Trooper (level 4, -1/37 HPs)
             Began as a Human Fighter on Oct 31, 2023.
             Slain by Grinder (5 damage)
             ... on level 4 of the Dungeon.
             The game lasted 00:03:06 (1780 turns).

horus123 the Trooper (Human Fighter)                Turns: 1780, Time: 00:03:06

Health: -1/37      AC:  6    Str: 16    XL:     4   Next: 95%
Magic:  4/4        EV:  8    Int:  9    God:
Gold:   130        SH:  5    Dex: 14    Spells: 3/3 levels left

rFire   . . .        a - +0 long sword
rCold   . . .        c - +0 buckler
rNeg    . . .        b - +0 scale mail
rPois   +            (no helmet)
rElec   .            (no cloak)
rCorr   .            (no gloves)
SInv    .            (no boots)
Will    .....        (no amulet) Stlth
                     i - ring of poison resistance
HPRegen 0.26/turn    (no ring)
MPRegen 0.09/turn

%: no passive effects
@: mighty
A: no striking features
a: no special abilities


You were on level 4 of the Dungeon.
You visited 1 branch of the dungeon, and saw 5 of its levels.

You collected 130 gold pieces.

Inventory:

Hand Weapons
 a - a +0 long sword (weapon)
Missiles
 h - 2 curare-tipped darts
Armour
 b - a +0 scale mail (worn)
 c - a +0 buckler (worn)
Jewellery
 i - a ring of poison resistance (left hand)
Scrolls
 e - a scroll of brand weapon {unknown}
 f - a scroll of enchant weapon {unknown}
 j - a scroll of enchant armour {unknown}
 l - 2 scrolls of identify {unknown}
 n - a scroll of immolation {unknown}
Potions
 d - 2 potions of might
 g - 2 potions of attraction {unknown}
 k - a potion of haste {unknown}
 m - a potion of berserk rage {unknown}
 o - a potion of degeneration {unknown}


   Skills:
 - Level 4.1 Fighting
 + Level 3.7 Long Blades
 - Level 3.0 Armour
 - Level 3.0 Shields


You had 3 spell levels left.
You didn't know any spells.
Your spell library contained the following spells:

 Spells                   Type           Power      Damage    Failure   Level
 Slow                     Hex            0%         N/A       88%         1
 Confusing Touch          Hex            0%         N/A       99%         3
 Gell's Gravitas          Tloc           0%         N/A       99%         3
 Sigil of Binding         Hex            0%         N/A       99%         3
 Stone Arrow              Conj/Erth      0%         3d7       99%         3
 Teleport Other           Tloc           0%         N/A       99%         3
 Tukima's Dance           Hex            0%         N/A       99%         3
 Vampiric Draining        Necr           0%         2d6       99%         3
 Animate Armour           Summ/Erth      0%         N/A       100%        4
 Passage of Golubria      Tloc           0%         N/A       100%        4
 Yara's Violent Unravell  Hex/Tmut       0%         3d3       100%        5
 Dispersal                Tloc           0%         N/A       100%        6
 Lehudib's Crystal Spear  Conj/Erth      0%         10d2      100%        8


Dungeon Overview and Level Annotations

Branches:
Dungeon (5/15)
 Temple: D:4-7

Altars:
Dithmenos

Shops:
D:5 (

Annotations:
D:4 Grinder


Message History

Grinder is nearby!
Grinder gestures at you. Pain shoots through your body!
Found 5 stones.
Grinder gestures at you.
You barely resist. You hit Grinder.
Grinder is moderately wounded.
Grinder barely misses you. Grinder hits you but does no damage.
You barely miss Grinder.
Grinder is moderately wounded.
Grinder hits you.
You writhe in agony.
You hit Grinder.
Grinder is moderately wounded.
Grinder blinks!
Grinder gestures at you.
You suddenly lose the ability to move!
Grinder gestures at you. Pain shoots through your body!
You can move again.
You are too injured to fight recklessly!
You are too injured to fight recklessly!
You are too injured to fight recklessly!
You are too injured to fight recklessly!
You hit Grinder.
Grinder is heavily wounded.
Grinder hits you.
* * * LOW HITPOINT WARNING * * *
You writhe in agony.
* * * LOW HITPOINT WARNING * * *
You feel very mighty all of a sudden. Grinder hits you.
* * * LOW HITPOINT WARNING * * *
You writhe in agony.
* * * LOW HITPOINT WARNING * * *
You closely miss Grinder.
Grinder is heavily wounded.
Grinder hits you.
You die...
Grinder says, "Now the real fun starts!"

#( .# . .#
.###.#### ?......
.. ......
..#####...###.#
...............
...[......# # ≈
#..>.##@.## .# ≈≈
#.#...#5.###.#.#
..#.#..........#
.......).......##
.##..##.>........
#.. ##.###...##
..$ #.# ...# .##
#<# ..# #..


You could see Grinder.

Vanquished Creatures
  3 adders
  A worm (D:2)
  A dart slug (D:2)
  An orc (D:4)
  6 ball pythons
  5 endoplasms
  3 giant cockroaches
  6 goblins
  7 hobgoblins
  A jackal (D:1)
  4 quokkas
  3 bats
  6 frilled lizards
  5 kobolds
  3 rats
55 creatures vanquished.

Notes
Turn   | Place    | Note
-------+----------+-------------------------------------------
     0 | D:1      | horus123 the Human Fighter began the quest for the Orb.
     0 | D:1      | Reached XP level 1. HP: 18/18 MP: 1/1
   191 | D:1      | Reached XP level 2. HP: 22/24 MP: 2/2
   296 | D:1      | Reached skill level 4 in Fighting
   296 | D:1      | Reached XP level 3. HP: 30/30 MP: 3/3
   937 | D:2      | Reached XP level 4. HP: 22/37 MP: 4/4
  1700 | D:3      | Found a shadowy altar of Dithmenos.
  1728 | D:3      | You fall into a shaft and drop 2 floors!
  1728 | D:5      | Entered Level 5 of the Dungeon
  1732 | D:5      | Found Vysenkid's Antique Weapon Emporium.
  1756 | D:4      | Noticed Grinder
  1774 | D:4      | Paralysed by Grinder for 4 turns
  1780 | D:4      | Slain by Grinder

Illustrated notes

Levels and vault maps discovered:
D:1:      mainiacjoe_arrival_reflecting_pool, layout_basic, minmay_tromino_i4
D:2:      layout_loops_ring
D:3:      layout_rooms, nicolae_uskayaw_suspiria, mainiacjoe_overflow_boulevard,
          mainiacjoe_overflow_concentric_impassable,
          mainiacjoe_overflow_tiny_flanked, serial_corexii_hall,
          chequers_hall_statues_corner_a, corexii_hall_statues_x,
          corexii_hall_statues_s, chequers_hall_statues_corner_a, st_stairs_10,
          minmay_misc_feat_enclosed, minmay_quantized
D:4:      layout_loops_ring, minmay_temple_entry_arrows, nicolae_tricolors,
          uniq_pikel, uniq_natasha, uniq_grinder
D:5:      layout_cave_pools, nemelex_diamond_rough_becter, serial_undead,
          serial_undead_a, serial_undead_d, serial_undead_b, serial_undead_a,
          serial_shops, shop, shop, nicolae_shop_waterfront,
          nicolae_shop_pleasant_corner_grove, amethyst_killhole,
          minmay_small_thing, uniq_duvessa, uniq_crazy_yiuf_cottage

Skill      XL: |  1  2  3  4 |
---------------+-------------+-----
Fighting       | 4 |  4.1
Long Blades    | 3 |  3.7
Armour         | |  3.0
Shields        | |  3.0

Action                     |  1- 3 |  4- 6 || total
---------------------------+-------+-------++-------
  Melee: Long sword        |    99 |    70 ||   169
    Use: Potion            |       |     1 ||     1
 Armour: Scale mail        |    67 |    52 ||   119
  Dodge: Dodged            |    43 |    16 ||    59
  Block: Buckler           |    28 |    15 ||    43

Table legend: (Time is in decaauts)
 A = Elapsed time spent in this place.
 B = Non-inter-level travel time spent in this place.
 C = Inter-level travel time spent in this place.
 D = Time resting spent in this place.
 E = Time spent auto-exploring this place.
 F = Levels seen in this place.
 G = Mean time per level.
                   A        B        C        D        E       F      G
               +--------+--------+--------+--------+--------+-----+--------+
         Total |   1832 |   1772 |     60 |     64 |   1281 |   5 |  366.4 |
       Dungeon |   1832 |   1772 |     60 |     64 |   1281 |   5 |  366.4 |
               +--------+--------+--------+--------+--------+-----+--------+

Top non-repeatable levels by time:
     D:2: 945 daAuts
     D:1: 677 daAuts
     D:3: 155 daAuts
     D:5: 28 daAuts
     D:4: 25 daAuts
